 Dungeon Crawl Stone Soup version 0.25-a0-1136-gc1285e62ab (webtiles) character file.

Game seed: 12265294294261847091, levelgen mode: deterministic

132 Morbidden the Magician (level 4, 0/32 HPs)
             Began as a Demonspawn Wizard on May 22, 2020.
             Slain by a centaur skeleton (3 damage)
             ... on level 4 of the Dungeon.
             The game lasted 00:05:49 (4266 turns).

Morbidden the Magician (Demonspawn Wizard)          Turns: 4266, Time: 00:05:49

Health: 0/32       AC:  3    Str:  7    XL:     4   Next: 92%
Magic:  4/10       EV: 12    Int: 20    God:
Gold:   162        SH:  0    Dex: 12    Spells: 9/12 levels left

rFire    . . .     SeeInvis .   q - +0 short sword (drain)
rCold    . . .     Gourm    .   (no shield)
rNeg     . . .     Faith    .   a - +0 robe
rPois    .         Spirit   .   o - +0 helmet
rElec    .         Reflect  .   (no cloak)
rCorr    .         Harm     .   (no gloves)
MR       .....                  (no boots)
Stlth    ++........             (no amulet)
HPRegen  0.10/turn              (no ring)
MPRegen  0.12/turn              (no ring)

@: no status effects
A: talons 2, powered by pain 1
a: no special abilities


You were on level 4 of the Dungeon.
You were not hungry.

You visited 1 branch of the dungeon, and saw 4 of its levels.

You collected 162 gold pieces.

Inventory:

Hand Weapons
 q - a +0 short sword of draining (weapon)
Armour
 a - a +0 robe (worn)
 b - a +0 hat
 o - a +0 helmet (worn)
 t - a +1 ring mail of poison resistance
Scrolls
 f - a scroll of enchant weapon {unknown}
 h - a scroll of identify
 i - 4 scrolls of teleportation {unknown}
 k - a scroll of fog {unknown}
 l - a scroll of remove curse {unknown}
 m - 2 scrolls of enchant armour {unknown}
Potions
 c - 3 potions of stabbing {unknown}
 e - 4 potions of curing
 g - 2 potions of might {unknown}
 j - a potion of degeneration {unknown}
 n - 2 potions of brilliance {unknown}
 p - a potion of lignification {unknown}
 r - 2 potions of flight {unknown}
 u - a potion of haste {unknown}
Comestibles
 d - 7 rations
 s - 4 chunks of flesh


   Skills:
 * Level 1.4 Fighting
 + Level 2.1 Dodging
 + Level 1.8 Stealth
 + Level 0.1 Unarmed Combat
 * Level 4.6 Spellcasting
 + Level 1.7 Conjurations
   Level 1.0 Summonings
   Level 0.8 Translocations


You had 9 spell levels left.
You knew the following spells:

 Your Spells              Type           Power        Failure   Level  Hunger
a - Magic Dart            Conj           ##..         6%          1    None
b - Slow                  Hex            #.......     19%         2    #......

Your spell library contained the following spells:

 Spells                   Type           Power        Failure   Level  Hunger
 Call Imp                 Summ           #.......     12%         2    #......
 Blink                    Tloc           N/A          13%         2    #......
 Conjure Flame            Conj/Fire      #.......     26%         3    ##.....
 Mephitic Cloud           Conj/Pois/Air  #.......     28%         3    ##.....


Dungeon Overview and Level Annotations

Branches:
Dungeon (4/15)
 Temple: D:4-7

Altars:
Okawaru
Yredelemnul

Annotations:
D:3 2 runed translucent doors, Grinder; flt's ghost, amateur CeWr


Innate Abilities, Weirdness & Mutations

You have razor-sharp toenails.
You sometimes gain a little power by taking damage.


Message History

Casting: Magic Dart (safe; 6% risk of failure)
Confirm with . or Enter, or press ? or * to list all spells.
Aiming: Magic Dart (safe; 6% risk of failure)
Press: ? - help, Shift-Dir - straight line, f/p - centaur skeleton
Aim: a centaur skeleton (almost destroyed)
The magic dart hits the centaur skeleton.
The centaur skeleton is almost destroyed.
The centaur skeleton hits you.
* * * LOW HITPOINT WARNING * * *
Casting: Magic Dart (safe; 6% risk of failure)
Confirm with . or Enter, or press ? or * to list all spells.
Aiming: Magic Dart (safe; 6% risk of failure)
Press: ? - help, Shift-Dir - straight line, f/p - centaur skeleton
Aim: a centaur skeleton (almost destroyed)
The magic dart hits the centaur skeleton.
The centaur skeleton is almost destroyed.
The centaur skeleton hits you.
* * * LOW HITPOINT WARNING * * *
The centaur skeleton hits you.
You die...

#############.#
...$..........# ##
####.......###
....###.......#
#...........#
#####.......######.#
#%..#####<......#
#...# #........
#.@.# #........
#.Z.# #######..
.....# . ####..#
...# ##.. ##


You could see a centaur skeleton.

Vanquished Creatures
  4 adders
  An ooze (D:3)
  A worm (D:2)
  A dart slug (D:3)
  2 leopard geckos (D:1)
  An orc (D:3)
  A ball python (D:1)
  12 bats
  2 giant cockroaches (D:2)
  8 goblins
  14 hobgoblins
  8 jackals
  7 kobolds
  9 frilled lizards
  10 rats
81 creatures vanquished.

Notes
Turn   | Place    | Note
-------+----------+-------------------------------------------
     0 | D:1      | Morbidden the Demonspawn Wizard began the quest for the
                  | Orb.
     0 | D:1      | Reached XP level 1. HP: 13/13 MP: 4/4
   302 | D:1      | Gained mutation: You have sharp toenails. [demonic
                  | ancestry]
   302 | D:1      | Reached XP level 2. HP: 11/19 MP: 1/6
  1067 | D:1      | Reached skill level 1 in Fighting
  1183 | D:1      | Gained mutation: You have razor-sharp toenails. [demonic
                  | ancestry]
  1183 | D:1      | Reached XP level 3. HP: 26/26 MP: 4/8
  1674 | D:1      | Learned a level 2 spell: Slow
  2047 | D:2      | Reached skill level 4 in Spellcasting
  2391 | D:2      | Found a basalt altar of Yredelemnul.
  2652 | D:2      | Gained mutation: You sometimes gain a little power by
                  | taking damage. [demonic ancestry]
  2652 | D:2      | Reached XP level 4. HP: 26/32 MP: 5/10
  3248 | D:2      | You fall into a shaft and drop 1 floor!
  3489 | D:3      | Noticed Grinder
  3882 | D:3      | Found a large runed translucent door.
  3882 | D:3      | Found a large runed translucent door.
  3884 | D:3      | Noticed flt's ghost (amateur CeWr)
  4160 | D:3      | Found an iron altar of Okawaru.
  4266 | D:4      | Slain by a centaur skeleton

Illustrated notes

Levels and vault maps discovered:
D:1:      wander_arrival_desolate, layout_basic, serial_park_tiny_2,
          minmay_misc_feat_chi, minmay_tetromino_l4
D:2:      layout_loops_ring, old_standard_altar, first_ration
D:3:      layout_loops_ring, marbit_many_paths, ebering_ghost_disaster_area,
          minmay_crystal_room, uniq_grinder
D:4:      layout_basic

Skill      XL: |  1  2  3  4 |
---------------+-------------+-----
Fighting       | 1 |  1.4
Spellcasting   | 4 |  4.6
Dodging        | 2 |  2.1
Stealth        | |  1.8
Unarmed Combat | |  0.1
Conjurations   | |  1.7
Summonings     | |  1.0
Translocations | |  0.8

Action                   |  1- 3 |  4- 6 || total
-------------------------+-------+-------++-------
Melee: Unarmed           |    61 |     6 ||    67
       Kick              |     6 |     1 ||     7
       Short sword       |       |    24 ||    24
 Cast: Magic Dart        |   124 |    62 ||   186
       Slow              |       |     2 ||     2
  Use: Scroll            |       |     2 ||     2
  Eat: Chunk             |     5 |     5 ||    10
Armor: Robe              |    12 |     8 ||    20
Dodge: Dodged            |    56 |    24 ||    80

Table legend:
 A = Non-vault XP
 B = Vault XP
 C = Vault XP percentage of total XP
 D = Non-vault monster count
 E = Vault monster count
 F = Vault count percentage of total count
                 A         B        C        D         E       F
            +---------+---------+-------+---------+---------+-------
      Total |     184 |       5 |   2.6 |      78 |       3 |   3.7
            +---------+---------+-------+---------+---------+-------
        D:1 |      50 |       3 |   5.7 |      30 |       2 |   6.2
        D:2 |      69 |       0 |   0.0 |      28 |       0 |   0.0
        D:3 |      65 |       2 |   3.0 |      20 |       1 |   4.8
            +---------+---------+-------+---------+---------+-------
